 Dungeon Crawl Stone Soup version 0.27.0-1-g7a089689b8 (webtiles) character file.

Game seed: 17496324570467455459

126 nxtlvl the Poker (level 5, -5/38 HPs)
             Began as a Human Gladiator on Aug 17, 2021.
             Slain by a kobold brigand (6 damage)
             ... in a sewer.
             The game lasted 00:08:16 (975 turns).

nxtlvl the Poker (Human Gladiator)                   Turns: 975, Time: 00:08:16

Health: -5/38      AC: 10    Str: 14    XL:     5   Next: 32%
Magic:  5/5        EV:  6    Int: 10    God:
Gold:   104        SH:  0    Dex: 14    Spells: 4/4 levels left

rFire    + . .     SeeInvis .   a - +0 trident
rCold    + . .     Faith    .   (no shield)
rNeg     . . .     Spirit   .   g - +0 chain mail
rPois    .         Reflect  .   d - +0 helmet
rElec    .         Harm     .   e - scarf {rC+ rF+}
rCorr    .         Rampage  .   (no gloves)
Will     .....                  f - +0 pair of boots
Stlth    ..........             (no amulet)
HPRegen  0.12/turn              (no ring)
MPRegen  0.09/turn              (no ring)

@: no status effects
A: no striking features
a: no special abilities


You were in a sewer.
You visited 1 branch of the dungeon, and saw 3 of its levels.
You also visited: Sewer.

You collected 104 gold pieces.

Inventory:

Hand Weapons
 a - a +0 trident (weapon)
 b - a +0 hunting sling
Missiles
 j - 87 stones
 m - 3 throwing nets (quivered)
Armour
 c - a +0 leather armour
 d - a +0 helmet (worn)
 e - a scarf of resistance (worn)
 f - a +0 pair of boots (worn)
 g - a +0 chain mail (worn)
Jewellery
 o - a ring of protection from fire
Scrolls
 i - a scroll of immolation {unknown}
 n - a scroll of teleportation {unknown}
 p - a scroll of amnesia {unknown}
 r - a scroll of noise {unknown}
Potions
 h - a potion of curing {unknown}
 k - 2 potions of haste {unknown}
 l - a potion of flight {unknown}
 q - a potion of brilliance {unknown}


   Skills:
 - Level 2.0 Fighting
 * Level 5.6 Polearms
 - Level 2.0 Throwing
 - Level 3.0 Dodging


You had 4 spell levels left.
You didn't know any spells.
Your spell library contained the following spells:

 Spells                   Type           Power      Damage    Failure   Level
 Ozocubu's Armour         Ice            0%         N/A       100%        3
 Metabolic Englaciation   Hex/Ice        0%         N/A       100%        5
 Simulacrum               Ice/Necr       0%         N/A       100%        6


Dungeon Overview and Level Annotations

Branches:
Dungeon (3/15)              Sewer (1/1)

Altars:

Annotations:
D:1 exclusion: downstairs
D:3 exclusion: upstairs


Message History

The jackal bites you.
You hit the kobold brigand.
The kobold brigand is lightly wounded.
The jackal bites you but does no damage.
The kobold brigand barely misses you.
You hit the kobold brigand.
The kobold brigand is moderately wounded.
The jackal barely misses you.
The kobold brigand splashes around in the water.
You barely miss the kobold brigand.
The kobold brigand is moderately wounded.
The jackal bites you but does no damage.
The kobold hits you with a +0 short sword.
* * * LOW HITPOINT WARNING * * *
The kobold brigand hits you but does no damage.
The jackal bites you but does no damage.
You hit the kobold brigand but do no damage.
The kobold brigand is moderately wounded.
The jackal bites you but does no damage.
The kobold hits you but does no damage.
The kobold brigand hits you but does no damage.
You barely miss the kobold brigand.
The kobold brigand is moderately wounded.
The jackal bites you but does no damage.
The kobold hits you with a +0 short sword.
* * * LOW HITPOINT WARNING * * *
The kobold brigand hits you with a +0 short sword.
* * * LOW HITPOINT WARNING * * *
The jackal bites you but does no damage.
You closely miss the kobold brigand.
The kobold brigand is moderately wounded.
The kobold barely misses you.
The jackal splashes around in the water.
The kobold brigand barely misses you.
You barely miss the kobold brigand.
The kobold brigand is moderately wounded.
The jackal bites you but does no damage.
The kobold barely misses you.
The kobold brigand hits you with a +0 short sword.
You die...

#∩..≈≈≈.# ###.≈≈≈≈#
#.≈≈≈.# ##.≈≈≈.##
#.≈≈≈≈.≈################
#..≈≈≈≈≈≈≈≈≈≈≈≈≈≈≈≈≈≈≈≈≈
#≈≈≈≈≈≈≈################
#.≈≈≈≈≈.# #.≈≈≈≈K@#
#≈≈≈≈≈hK# #≈≈≈≈≈≈≈#
#≈≈≈≈≈≈.# #.≈≈≈≈..#
#....≈≈.# ####.#### ..


You could see a kobold brigand, a jackal and a kobold.

Vanquished Creatures
  An orc priest (D:3)
  3 adders
  A river rat (Sewer)
  8 orcs (D:3)
  6 ball pythons
  2 endoplasms
  3 giant cockroaches
  3 goblins
  A hobgoblin (D:1)
  7 jackals
  2 kobolds
  4 bats
  5 frilled lizards
  6 rats
52 creatures vanquished.

Notes
Turn   | Place    | Note
-------+----------+-------------------------------------------
     0 | D:1      | nxtlvl the Human Gladiator began the quest for the Orb.
     0 | D:1      | Reached XP level 1. HP: 16/16 MP: 1/1
   196 | D:1      | Reached XP level 2. HP: 21/22 MP: 2/2
   328 | D:2      | Reached skill level 4 in Polearms
   328 | D:2      | Reached XP level 3. HP: 16/27 MP: 3/3
   495 | D:3      | Reached XP level 4. HP: 7/33 MP: 4/4
   541 | D:3      | Reached skill level 5 in Polearms
   545 | D:3      | HP: 1/33 [goblin (2)]
   558 | D:3      | HP: 1/33 [jackal (2)]
   822 | D:3      | Reached XP level 5. HP: 16/38 MP: 5/5
   892 | D:3      | Found a glowing drain.
   897 | Sewer    | Entered a sewer
   957 | Sewer    | Noticed a kobold brigand
   973 | Sewer    | HP: 1/38 [kobold brigand (5)]
   975 | Sewer    | Slain by a kobold brigand

Illustrated notes

Levels and vault maps discovered:
D:1:      psy_arrival_conway, layout_basic, st_stairs_10
D:2:      layout_rooms
D:3:      layout_rooms, portal_sewer_entry_e
Sewer:    sewer_kobolds

Skill      XL: |  1  2  3  4 |
---------------+-------------+-----
Polearms       | 4 5 |  5.6
Fighting       | |  2.0
Throwing       | |  2.0
Dodging        | |  3.0

Action                   |  1- 3 |  4- 6 || total
-------------------------+-------+-------++-------
Melee: Trident           |    91 |    90 ||   181
 Fire: Hunting sling     |       |    15 ||    15
 Stab: Sleeping          |     1 |       ||     1
Armor: Leather armour    |    19 |    13 ||    32
       Chain mail        |       |    34 ||    34
Dodge: Dodged            |    45 |    44 ||    89
